 Dungeon Crawl Stone Soup version 0.31-a0-237-g2d982f9f85 (webtiles) character file.

Game seed: 8245949534869959625

98 qw the Shooter (level 4, -2/36 HPs)
             Began as a Minotaur Hexslinger on July 11, 2023.
             Slain by a gnoll
             ... wielding a +0 spear
              (6 damage)
             ... on level 3 of the Dungeon.
             The game lasted 00:00:43 (2048 turns).

qw the Shooter (Minotaur Hexslinger)                Turns: 2048, Time: 00:00:43

Health: -2/36      AC:  5    Str: 13    XL:     4   Next: 44%
Magic:  4/4        EV: 11    Int: 10    God:
Gold:   105        SH:  0    Dex: 14    Spells: 4/5 levels left

rFire   . . .        b - +0 orcbow
rCold   . . .        (shield currently unavailable)
rNeg    . . .        c - +0 ring mail
rPois   .            (helmet restricted)
rElec   .            (no cloak)
rCorr   .            (no gloves)
SInv    +            (no boots)
Will    .....        h - amulet of the acrobat
Stlth   +            d - ring of see invisible
HPRegen 0.26/turn    (no ring)
MPRegen 0.09/turn

%: acrobat
@: no status effects
A: horns 2, retaliatory headbutt
a: no special abilities


You were on level 3 of the Dungeon.
You visited 1 branch of the dungeon, and saw 3 of its levels.

You collected 105 gold pieces.


Innate Abilities, Weirdness & Mutations

You have a pair of horns on your head.
You reflexively headbutt those who attack you in melee.


   Skills:
 - Level 2.0 Fighting
 + Level 4.8 Ranged Weapons
 - Level 1.0 Armour
 - Level 2.1 Dodging
 - Level 1.0 Spellcasting
 - Level 2.0 Hexes


You had 4 spell levels left.
You knew the following spells:

 Your Spells              Type           Power      Damage    Failure   Level
a - Slow                  Hex            16%        N/A       32%         1

Your spell library contained the following spells:

 Spells                   Type           Power      Damage    Failure   Level
 Inner Flame              Hex/Fire       2%         N/A       82%         3
 Portal Projectile        Hex/Tloc       4%         N/A       82%         3
 Cause Fear               Hex            2%         N/A       97%         4

Inventory:

Hand Weapons
 b - a +0 orcbow (weapon)
Armour
 c - a +0 ring mail (worn)
Jewellery
 d - a ring of see invisible (left hand)
 h - an amulet of the acrobat (around neck)
Scrolls
 a - a scroll of identify
Potions
 e - a potion of curing
 f - a potion of haste {unknown}
 i - a potion of mutation

Dungeon Overview and Level Annotations

Branches:
Dungeon (3/15)

Altars:
Kikubaaqudgha
Okawaru


Message History

The gnoll barely misses you.
Found an iron altar of Okawaru.
Enter note:
Enter note:
Enter note:
2037 ||| PLANNING OKAWARU WORSHIP
2037 ||| Stepping ~*~*~tactically~*~*~ (outnumbered).
Enter note:
Enter note:
Enter note:
2038 ||| READING 2 scrolls of identify.
As you read the scroll of identify, it crumbles to dust.
e - a potion of curing
2038 ||| IDENTIFYING fuming brown potion You shoot an arrow.
The arrow barely misses the gnoll.
The gnoll hits you with a +0 spear!
You shoot an arrow. The arrow hits the gnoll!
The gnoll is heavily wounded.
The gnoll hits you with a +0 spear. The gnoll closely misses you.
You shoot an arrow. The arrow barely misses the gnoll.
The gnoll hits you but does no damage. The gnoll closely misses you.
You shoot an arrow. The arrow hits the gnoll.
The gnoll is severely wounded.
The gnoll hits you with a +0 club. The gnoll hits you with a +0 spear.
The gnoll closely misses you. The gnoll hits you with a +0 club.
You shoot an arrow. The arrow barely misses the gnoll.
The gnoll closely misses you. You furiously retaliate!
You headbutt the gnoll. The gnoll barely misses you. You furiously retaliate!
You headbutt the gnoll. You shoot an arrow. The arrow barely misses the gnoll.
The gnoll hits you but does no damage. The gnoll barely misses you.
You shoot an arrow. The arrow barely misses the gnoll.
The gnoll hits you with a +0 club. The gnoll barely misses you. x2
The gnoll hits you with a +0 spear.
You shoot an arrow. The arrow closely misses the gnoll.
The gnoll hits you with a +0 spear. The gnoll hits you with a +0 club.
You shoot an arrow. The arrow closely misses the gnoll.
The gnoll hits you but does no damage. The gnoll closely misses you.
You shoot an arrow. The arrow barely misses the gnoll.
The gnoll barely misses you. The gnoll hits you with a +0 spear. x2
You die...

#. +....... ... #
#.....#. ... #.##.....#.
#####... ####........#.
##...##.##..w####....##.
#.8.8.#.#g8.8.# #....##.
#.._..#.#.._..# #....###
#.8...#.#gg.8.# #....# #
##...'#@#'g..####....#
..#####.gg#####.#.....#
........}./.......#####
#.#####...#####.#.#
+#.#+ ###.# #.# #.# #.#
#.# #.# #.# #.# #.#


You could see 2 gnolls.

Vanquished Creatures
  An orc priest (D:2)
  An adder (D:3)
  2 worms (D:2)
  A dart slug (D:2)
  2 orcs
  5 ball pythons
  2 bats
  6 endoplasms
  A giant cockroach (D:3)
  2 goblins
  5 hobgoblins
  3 jackals (D:2)
  A quokka (D:1)
  4 frilled lizards
  6 kobolds
  5 rats
47 creatures vanquished.

Notes
Turn   | Place    | Note
-------+----------+-------------------------------------------
     0 | D:1      | qw the Minotaur Hexslinger began the quest for the Orb.
     0 | D:1      | Reached XP level 1. HP: 16/16 MP: 1/1
     0 | D:1      | 0 ||| qw: Version: 0.3-a-52-g30416fa
     0 | D:1      | 0 ||| qw: Game counter: 5861
     0 | D:1      | 0 ||| qw: Melee chars always use a shield: true
     0 | D:1      | 0 ||| qw: God list: Okawaru
     0 | D:1      | 0 ||| qw: Allow faded altars: false
     0 | D:1      | 0 ||| qw: Do Orc after clearing Dungeon:15 true
     0 | D:1      | 0 ||| qw: Do second Lair branch before Depths: true
     0 | D:1      | 0 ||| qw: Lair rune preference: random
     0 | D:1      | 0 ||| qw: Goals: Normal
     0 | D:1      | 0 ||| PLANNING D:1-11
    34 | D:1      | 34 ||| FLEEEEING.
    35 | D:1      | 35 ||| FLEEEEING.
    36 | D:1      | 36 ||| FLEEEEING.
    37 | D:1      | 37 ||| FLEEEEING.
    38 | D:1      | 38 ||| FLEEEEING.
    39 | D:1      | 39 ||| FLEEEEING.
   148 | D:1      | Reached skill level 3 in Ranged Weapons
   155 | D:1      | Reached XP level 2. HP: 14/23 MP: 2/2
   156 | D:1      | 156 ||| FLEEEEING.
   162 | D:1      | 162 ||| FLEEEEING.
   163 | D:1      | 163 ||| FLEEEEING.
   164 | D:1      | 164 ||| FLEEEEING.
   165 | D:1      | 165 ||| FLEEEEING.
   166 | D:1      | 166 ||| FLEEEEING.
   167 | D:1      | 167 ||| FLEEEEING.
   168 | D:1      | 168 ||| FLEEEEING.
   169 | D:1      | 169 ||| FLEEEEING.
   170 | D:1      | 170 ||| FLEEEEING.
   171 | D:1      | 171 ||| FLEEEEING.
   670 | D:1      | 670 ||| UPGRADING to +0 leather armour.
   680 | D:1      | 680 ||| DROPPING +0 robe.
   681 | D:1      | 681 ||| UPGRADING to amulet of the acrobat.
   686 | D:1      | 686 ||| READING 2 scrolls labelled PUKLABLIUST.
   687 | D:1      | 687 ||| READING scroll labelled USYQEU KOTTUJ.
   688 | D:1      | 688 ||| READING scroll labelled YCEIPSEJUT.
   689 | D:1      | 689 ||| DROPPING scroll of fog.
   690 | D:1      | 690 ||| DROPPING scroll of poison.
   888 | D:2      | Reached XP level 3. HP: 28/29 MP: 3/3
  1178 | D:2      | 1178 ||| SWAPPING to +0 orcbow.
  1180 | D:2      | 1180 ||| DROPPING +2 sling.
  1271 | D:2      | Reached skill level 4 in Ranged Weapons
  1391 | D:2      | You fall into a shaft and drop 1 floor!
  1549 | D:3      | 1549 ||| UPGRADING to +0 ring mail.
  1559 | D:3      | 1559 ||| DROPPING +0 leather armour.
  1560 | D:3      | 1560 ||| UPGRADING to ring of see invisible.
  1561 | D:3      | 1561 ||| READING 2 scrolls of identify.
  1561 | D:3      | 1561 ||| IDENTIFYING fuming sapphire potion
  1880 | D:3      | 1880 ||| STAIRDANCE
  1881 | D:3      | Reached XP level 4. HP: 29/36 MP: 4/4
  1887 | D:2      | Reached skill level 1 in Armour
  2022 | D:3      | Found an ancient bone altar of Kikubaaqudgha.
  2036 | D:3      | Found an iron altar of Okawaru.
  2037 | D:3      | 2037 ||| PLANNING OKAWARU WORSHIP
  2037 | D:3      | 2037 ||| Stepping ~*~*~tactically~*~*~ (outnumbered).
  2038 | D:3      | 2038 ||| READING 2 scrolls of identify.
  2038 | D:3      | 2038 ||| IDENTIFYING fuming brown potion
  2045 | D:3      | HP: 9/36 [gnoll/+0 spear (2)]
  2046 | D:3      | HP: 4/36 [gnoll/+0 club (5)]
  2048 | D:3      | Slain by a gnoll

Levels and vault maps discovered:
D:1:      lemuel_arrival_muddy, layout_loops_ring
D:2:      layout_basic, chequers_serial_rivers_micro_b, hangedman_decor_points
D:3:      layout_basic, grunt_temple_overflow_cloverleaf,
          shapermc_ecumenical_altar_mp_highgroup, uniq_terence

Skill      XL: |  1  2  3  4 |
---------------+-------------+-----
Ranged Weapons | 3 4 |  4.8
Fighting       | 2 |  2.0
Armour         | 1 |  1.0
Dodging        | |  2.1
Spellcasting   | |  1.0
Hexes          | |  2.0

Action                     |  1- 3 |  4- 6 || total
---------------------------+-------+-------++-------
   Fire: Sling             |    94 |       ||    94
         Orcbow            |    29 |    17 ||    46
    Use: Scroll            |     4 |     1 ||     5
 Armour: Robe              |     1 |       ||     1
         Leather armour    |     8 |       ||     8
         Ring mail         |     6 |     4 ||    10
  Dodge: Dodged            |    27 |    17 ||    44

Table legend:
 A = Non-vault XP
 B = Vault XP
 C = Vault XP percentage of total XP
 D = Non-vault monster count
 E = Vault monster count
 F = Vault count percentage of total count
                 A         B        C        D         E       F
            +---------+---------+-------+---------+---------+-------
      Total |     141 |       0 |   0.0 |      47 |       0 |   0.0
            +---------+---------+-------+---------+---------+-------
        D:1 |      27 |       0 |   0.0 |      17 |       0 |   0.0
        D:2 |      91 |       0 |   0.0 |      25 |       0 |   0.0
        D:3 |      23 |       0 |   0.0 |       5 |       0 |   0.0
            +---------+---------+-------+---------+---------+-------
